 Dungeon Crawl Stone Soup version 0.28-a0-1524-ge72afd5fc6 (webtiles) character file.

Game seed: 9736002940914602354

18849 murtidash the Nimble (level 12, -17/57 HPs)
             Began as a Felid Summoner on Jan 17, 2022.
             Was an Initiate of Gozag.
             Demolished by a boulder beetle (45 damage)
             ... on level 3 of the Lair of Beasts.
             The game lasted 01:09:51 (17641 turns).

murtidash the Nimble (Felid Summoner)              Turns: 17641, Time: 01:09:52

Health: -17/57     AC:  3    Str:  4    XL:     12   Next: 31%
Magic:  26/28      EV: 26    Int: 21    God:    Gozag
Gold:   578        SH:  0    Dex: 17    Spells: 1/19 levels left
                                        Lives:  0   Deaths: 3

rFire   . . .      SeeInvis +   (weapon unavailable)
rCold   + . .      Faith    .   (shield unavailable)
rNeg    . . .      Spirit   .   (armour unavailable)
rPois   .          Reflect  .   (helmet unavailable)
rElec   .          Harm     .   (cloak unavailable)
rCorr   .          Rampage  .   (gloves unavailable)
Will    +....                   (boots unavailable)
Stlth   ++........              z - amulet of magic regeneration
HPRegen 0.19/turn               G - ring of magical power {MP+9}
MPRegen 0.61/turn               r - ring of wizardry {Wiz+, !d}

@: quick
A: very small, claws 1, fangs 3, see invisible, speed 1, shaggy fur 3, stealthy
paws, no weapons or thrown items, no armour, multi-lived
a: Renounce Religion, Potion Petition, Call Merchant, Bribe Branch


You were on level 3 of the Lair of Beasts.
You worshipped Gozag.
Gozag was pleased with you.
You visited 3 branches of the dungeon, and saw 16 of its levels.
You also visited: Sewer.

You collected 2387 gold pieces.
You spent 1004 gold pieces at shops.
You paid 805 gold pieces to Gozag.

Inventory:

Jewellery
 k - a ring of ice {rC+, rF-}
   (You found it on level 4 of the Dungeon)
 p - a ring of protection from fire {rF+, !d}
   (You found it on level 7 of the Dungeon)
 r - a ring of wizardry (right paw) {Wiz+, !d}
   (You bought it in a shop on level 5 of the Dungeon)
 x - an amulet of reflection
   (You found it on level 10 of the Dungeon)
 z - an amulet of magic regeneration (around neck)
   (You found it on level 1 of the Lair of Beasts)
 A - a ring of positive energy {rN+}
   (You found it on level 1 of the Lair of Beasts)
 B - a ring of magical power {MP+9}
   (You found it on level 1 of the Lair of Beasts)
 G - a ring of magical power (left paw) {MP+9}
   (You found it on level 2 of the Lair of Beasts)
Wands
 g - a wand of iceblast (19)
   (You found it on level 7 of the Dungeon)
 h - a wand of paralysis (2)
   (You found it on level 7 of the Dungeon)
 C - a wand of flame (17)
   (You found it on level 1 of the Lair of Beasts)
 E - a wand of digging (3)
   (You took it off Erica on level 2 of the Lair of Beasts)
 F - a wand of mindburst (6)
   (You found it on level 3 of the Lair of Beasts)
Scrolls
 b - a scroll of holy word {!r}
 c - a scroll of fog
 f - 2 scrolls of fear
 j - 3 scrolls of immolation {!r}
 l - 8 scrolls of teleportation
 o - a scroll of blinking {!r}
 q - a scroll of vulnerability {!r!r}
 u - a scroll of magic mapping {!r}
Potions
 a - 3 potions of mutation {!q}
 d - 3 potions of lignification {!q}
 e - 2 potions of cancellation
 i - 5 potions of heal wounds
 m - 2 potions of attraction {!q}
 n - 2 potions of haste
 t - 5 potions of curing
 v - a potion of brilliance
 w - 2 potions of resistance
 H - 2 potions of ambrosia


   Skills:
 + Level 9.5 Fighting
 + Level 12.6 Dodging
 - Level 2.6 Stealth
 * Level 4.0 Spellcasting
 - Level 5.0 Hexes
 + Level 12.4 Summonings
 - Level 9.9 Translocations
 + Level 8.6 Air Magic


You had one spell level left.
You knew the following spells:

 Your Spells              Type           Power      Damage    Failure   Level
c - Call Canine Familiar  Summ           54%        N/A       1%          3
g - Call Imp              Summ           54%        N/A       1%          2
M - Summon Forest         Summ/Tloc      25%        N/A       1%          5
U - Summon Lightning Spi  Summ/Air       48%        N/A       1%          4
X - Summon Guardian Gole  Hex/Summ       40%        N/A       1%          3
Z - Summon Small Mammal   Summ           100%       N/A       1%          1

Your spell library contained the following spells:

 Spells                   Type           Power      Damage    Failure   Level
 Magic Dart               Conj           16%        1d3       4%          1
 Corpse Rot               Necr/Air       44%        N/A       1%          2
 Poisonous Vapours        Pois/Air       44%        N/A       1%          2
 Summon Cactus Giant      Summ           27%        N/A       4%          6
 Searing Ray              Conj           8%         2d4       8%          2
 Sublimation of Blood     Necr           4%         N/A       8%          2
 Stone Arrow              Conj/Erth      8%         3d7       14%         3
 Fulminant Prism          Conj/Hex       7%         3d7       16%         4
 Monstrous Menagerie      Summ           27%        N/A       24%         7
 Summon Hydra             Summ           27%        N/A       24%         7
 Petrify                  Tmut/Erth      4%         N/A       41%         4
 Irradiate                Conj/Tmut      2%         3d14      75%         5
 Eringya's Noxious Bog    Tmut/Pois      2%         N/A       99%         6
 Storm Form               Tmut/Air       11%        N/A       99%         7
 Lehudib's Crystal Spear  Conj/Erth      2%         10d2      100%        8


Dungeon Overview and Level Annotations

Branches:
Dungeon (11/15)            Temple (1/1) D:7            Lair (4/6) D:10
    Orc (0/2) D:9           Sewer (visited)
  Swamp: Lair:2-4    Shoals: Lair:2-4     Snake: Lair:2-4    Spider: Lair:2-4

Altars:
Ashenzari
Cheibriados
Dithmenos
Elyvilon
Gozag
Hepliaklqana
Kikubaaqudgha
Makhleb
Nemelex Xobeh
Qazlal
Ru
Sif Muna
Uskayaw
Vehumet
Wu Jian
Xom
Yredelemnul
Zin
The Shining One

Shops:
D:5 =   D:9 [   Lair:2 :


Innate Abilities, Weirdness & Mutations

You have sharp claws.
You have razor-sharp teeth.
You have supernaturally acute eyesight. (SInv)
You cover ground quickly. (Speed+)
Your thick and shaggy fur keeps you warm. (AC +3, rC+)
Your paws help you pounce on unaware monsters.
You are incapable of wielding weapons or throwing items.
You cannot wear armour.
You gain extra lives every three experience levels.


Message History

An electric eel comes into view.
Okay, then.
You now have 26/28 mp.
Unknown command.
What are your orders? t - Meow!
Orders for allies: a - Attack new target. r - Retreat! s - Stop attacking. g - Guard the area. f - Follow me.
Anything else - Cancel.
Gang up on whom?
Aim: an electric eel (ally target) Attack!
The electric eel shoots out a bolt of lightning at you!
The bolt of electricity hits you!
You take 16 damage, and have 41/57 hp.
MASSIVE DAMAGE!!
The electric eel shoots out a bolt of lightning at you!
The bolt of electricity hits your wolf. The bolt of electricity hits you!
You take 10 damage, and have 31/57 hp.
Your wolf misses the electric eel.
The electric eel shoots out a bolt of lightning at you!
The bolt of electricity hits your wolf! The bolt of electricity hits you!
You take 12 damage, and have 19/57 hp.
MASSIVE DAMAGE!!
MP restored: 28 Your wolf bites the electric eel.
Your wolf misses the electric eel.
The electric eel shoots out a bolt of lightning at you!
The bolt of electricity hits your wolf! The bolt of electricity hits you!
* * * LOW HITPOINT WARNING * * *
You take 11 damage, and have 8/57 hp.
You start resting.
Your wolf stops to sniff the ground.
You regained 9 hp, and now have 17/57 hp.
You start resting.
Your wolf disappears in a puff of smoke!
You regained 30 hp, and now have 47/57 hp.
You start resting.
Health restored: 57 You now have 26/28 mp.
What are your orders? t - Meow!
Orders for allies: a - Attack new target. p - Attack previous target. r - Retreat! s - Stop attacking. g - Guard the area. f - Follow me.
Anything else - Cancel.
Gang up on whom?
Aim: an electric eel (wandering, ally target, hasn't noticed you) Attack!
The electric eel shoots out a bolt of lightning at you!
The bolt of electricity hits the plant!
The plant begins to die.
The bolt of electricity hits you!
You take 11 damage, and have 46/57 hp.
The electric eel shoots out a bolt of lightning at you!
The bolt of electricity hits the plant.
The bolt of electricity misses you.
MP restored: 28 The electric eel shoots out a bolt of lightning at you!
The bolt of electricity hits the plant.
The bolt of electricity hits you!
You take 10 damage, and have 37/57 hp.
The electric eel shoots out a bolt of lightning at you!
The bolt of electricity hits the plant!
The bolt of electricity hits you!
You take 12 damage, and have 25/57 hp.
MASSIVE DAMAGE!!
Your wolf closely misses the electric eel.
Your wolf splashes around in the water.
A nearby plant withers and dies.
Your wolf barely misses the electric eel.
A boulder beetle comes into view.
The boulder beetle bites the fungus!
The fungus begins to die.
The electric eel shoots out a bolt of lightning at you!
The bolt of electricity misses you.
Your wolf misses the electric eel.
The boulder beetle bites the fungus!!
A boulder beetle is nearby!
Your wolf disappears in a puff of smoke!
You now have 26/28 mp.
A beastly little devil appears in a puff of flame.
A nearby fungus withers and dies.
You now have 24/28 mp.
Okay, then.
Unknown command.
Okay, then.
Unknown command.
A guardian golem appears, shielding your allies.
Your crimson imp hits the boulder beetle but does no damage.
You now have 23/28 mp.
Your crimson imp barely misses the boulder beetle.
The boulder beetle curls into a ball and begins rolling!
Your crimson imp hits the boulder beetle but does no damage.
What are your orders? t - Meow!
Orders for allies: a - Attack new target. r - Retreat! s - Stop attacking. g - Guard the area. f - Follow me.
Anything else - Cancel.
Gang up on whom?
Aim: a boulder beetle (rolling, ally target) Attack!
Your crimson imp hits the boulder beetle but does no damage.
Your warg bites the boulder beetle but does no damage.
The boulder beetle hits you!!!
Ouch! That really hurt!
You die...
Your body crumbles into a pile of gold.

..........♣≈≈≈≈ ....
............≈≈≈ ....
..........§≈S.≈
................≈≈≈.
... .........♣≈≈≈. ...
........P...
#.#####....# .#
####.#.#....###..#
#....@.##...#....#.#
#....B.##..5.#....#.
#.....h##.°°..........
#####..°°9..#.##..##..
.###..#....########..
...........##.##.#..Y
......................
......................
...........>..........


You could see a boulder beetle (rolling, ally target) and a friendly warg
(summoned, sheltered).

Vanquished Creatures
  Nergalle (Lair:1)
  An orc warrior (D:9)
  Pargi (Sewer)
  An orc (D:10)
  An endoplasm (D:2)
  A giant cockroach (D:1)
  A goblin (D:1)
  A hobgoblin (D:4)
  A rat (D:1)
9 creatures vanquished.

Vanquished Creatures (collateral kills)
  An ettin (D:10)
  A hydra (Lair:3)
  Erica (Lair:2)
  A two-headed ogre (D:10)
  A tengu warrior (D:10)
  An oklob plant (Lair:1)
  Maggie (Lair:1)
  A black mamba (Lair:3)
  A cane toad (Lair:2)
  2 torpor snails (Lair:2)
  Psyche (D:9)
  2 komodo dragons (Lair:1)
  2 vampires
  A basilisk (D:10)
  A wyvern (D:10)
  17 yaks
  2 steam dragons
  An acid dragon (D:10)
  7 water moccasins
  An orc warrior (D:9)
  An ice beast (D:5)
  2 ogres
  6 centaurs
  5 wolves (D:10)
  A phantom (D:4)
  2 kobold brigands
  3 scorpions
  5 bullfrogs
  2 gnoll sergeants
  2 water moccasin skeletons
  4 howler monkeys
  5 wights (D:10)
  4 centaur zombies
  2 bullfrog zombies
  2 hounds
  A bullfrog skeleton (D:3)
  3 orc priests
  A centaur skeleton (D:5)
  2 iguanas
  3 orc wizards
  2 howler monkey zombies
  7 adders
  4 gnolls (D:9)
  A howler monkey skeleton (D:7)
  A white imp (D:8)
  An ufetubus (D:5)
  An adder skeleton (D:4)
  25 orcs
  A bat (D:1)
  6 endoplasms
  3 giant cockroaches
  3 hobgoblins
  2 ball pythons
  3 frilled lizards
  A goblin (D:4)
  17 kobolds
  5 rats
185 creatures vanquished.

Vanquished Creatures (others)
  Gastronok (Lair:1)
  Snorg (Lair:4)
  A boulder beetle (D:10)
  A hydra (D:10)
  5 two-headed ogres
  3 cane toads
  A gargoyle (D:10)
  2 komodo dragons
  A yaktaur (D:10)
  2 trolls
  2 hornets
  10 yaks (Lair:2)
  A water moccasin (D:6)
  2 ice beasts (D:8)
  An orc warrior (D:9)
  A wolf (D:10)
  A centaur (D:10)
  4 wights (D:8)
  A centaur zombie (D:9)
  An iguana (D:6)
  A gnoll (D:9)
  An orc (D:9)
  2 kobolds
  4 fungi
  5 plants
55 creatures vanquished.

Grand Total: 249 creatures vanquished

Notes
Turn   | Place    | Note
-------+----------+-------------------------------------------
     0 | D:1      | murtidash the Felid Summoner began the quest for the Orb.
     0 | D:1      | Reached XP level 1. HP: 7/7 MP: 4/4
   514 | D:1      | Reached XP level 2. HP: 11/11 MP: 6/6
   530 | D:1      | Learned a level 2 spell: Call Imp
   554 | D:1      | Found a faded altar of an unknown god.
  1501 | D:2      | Reached XP level 3. HP: 14/14 MP: 1/8
  1505 | D:2      | Learned a level 3 spell: Call Canine Familiar
  2517 | D:3      | Reached skill level 3 in Spellcasting
  2517 | D:3      | Reached XP level 4. HP: 18/18 MP: 3/9
  2931 | D:4      | Reached skill level 5 in Summonings
  2972 | D:4      | Reached XP level 5. HP: 17/21 MP: 5/11
  3068 | D:4      | HP: 4/21 [poisoned by an adder]
  3240 | D:4      | Noticed an ogre
  3246 | D:4      | Learned a level 3 spell: Summon Guardian Golem
  3272 | D:4      | Reached skill level 1 in Hexes
  3399 | D:4      | Killed an ogre
  3400 | D:4      | Reached skill level 4 in Spellcasting
  3400 | D:4      | Reached skill level 3 in Hexes
  3400 | D:4      | Gained mutation: You are covered in thick fur. (AC +2)
                  | [Felid growth]
  3400 | D:4      | Reached XP level 6. HP: 24/24 MP: 6/13
  3724 | D:4      | Reached skill level 4 in Hexes
  3724 | D:4      | Reached skill level 6 in Summonings
  3834 | D:4      | Identified the +6 mace of Dried Tears {protect, rF+ Str+2}
  3919 | D:4      | Upgraded the game from 0.28-a0-1518-gbe868bca14 to
                  | 0.28-a0-1524-ge72afd5fc6
  4057 | D:4      | Found a hide-covered altar of Uskayaw.
  4467 | D:5      | Entered Level 5 of the Dungeon
  4539 | D:5      | Found Jaza Nusch's Jewellery Shoppe.
  4662 | D:5      | Reached skill level 5 in Hexes
  4790 | D:5      | Found a glowing drain.
  4794 | Sewer    | Entered a sewer
  4850 | Sewer    | Noticed Pargi
  4911 | Sewer    | HP: 4/24 [Pargi (1)]
  4925 | Sewer    | Killed Pargi
  4926 | Sewer    | Reached XP level 7. HP: 17/27 MP: 11/14
  5182 | D:5      | Reached skill level 7 in Summonings
  5582 | D:5      | Reached skill level 8 in Summonings
  5821 | D:6      | Shot with an arrow by a centaur
  5822 | D:6      | Reached XP level 6. HP: 0/25 MP: 9/13
  5843 | D:6      | Noticed a vampire
  5864 | D:6      | Shot with an arrow by a centaur
  5865 | D:6      | Reached XP level 5. HP: 0/21 MP: 12/12
  5913 | D:6      | Reached skill level 3 in Dodging
  5913 | D:6      | Reached XP level 6. HP: 25/25 MP: 9/13
  5919 | D:6      | Reached skill level 1 in Fighting
  5919 | D:6      | Reached skill level 1 in Air Magic
  5927 | D:6      | Killed a vampire
  6049 | D:6      | Reached skill level 2 in Fighting
  6049 | D:6      | Reached skill level 4 in Dodging
  6049 | D:6      | Reached XP level 7. HP: 30/30 MP: 11/14
  6087 | D:6      | Reached skill level 2 in Air Magic
  6684 | D:6      | Reached skill level 3 in Fighting
  6684 | D:6      | Reached skill level 5 in Dodging
  6873 | D:6      | Reached XP level 8. HP: 34/34 MP: 12/15
  6966 | D:6      | Identified the +6 dagger "Orivyis" {chaos, *Noise rElec
                  | Str+5 Stlth+}
  6991 | D:6      | Found a radiant altar of Vehumet.
  7364 | D:6      | Found a shadowy altar of Dithmenos.
  7515 | D:10     | Entered Level 10 of the Dungeon
  7580 | D:7      | Reached skill level 3 in Air Magic
  7587 | D:7      | Reached skill level 9 in Summonings
  7601 | D:7      | Found a staircase to the Ecumenical Temple.
  7611 | Temple   | Entered the Ecumenical Temple
  7615 | Temple   | Became a worshipper of Gozag Ym Sagoz the Greedy
  7664 | D:7      | Noticed a hornet
  7684 | D:7      | Killed a hornet
  8054 | D:8      | Noticed a troll
  8066 | D:8      | Killed a troll
  8067 | D:8      | Reached skill level 4 in Fighting
  8067 | D:8      | Reached skill level 6 in Dodging
  8138 | D:8      | Learned a level 4 spell: Summon Lightning Spire
  8452 | D:8      | Reached skill level 4 in Air Magic
  8452 | D:8      | Reached XP level 9. HP: 39/39 MP: 9/16
  8781 | D:8      | Found an ancient bone altar of Kikubaaqudgha.
  8933 | D:9      | Reached skill level 7 in Dodging
  8979 | D:9      | HP: 8/40 [orc warrior/bolt of acid (32)]
  8983 | D:9      | Reached skill level 5 in Fighting
  9407 | D:9      | Noticed a troll
  9416 | D:9      | Killed a troll
  9417 | D:9      | Reached skill level 10 in Summonings
  9507 | D:9      | Noticed a two-headed ogre
  9515 | D:9      | Killed a two-headed ogre
  9516 | D:9      | Reached skill level 8 in Dodging
  9516 | D:9      | Reached skill level 5 in Air Magic
  9724 | D:9      | Found a staircase to the Orcish Mines.
  9727 | D:9      | Found Opreqob's Armour Shoppe.
  9731 | D:9      | Got the Compendium of Stones and the Escort
  9840 | D:9      | Noticed Psyche
  9992 | D:9      | Killed Psyche
  9993 | D:9      | Reached XP level 10. HP: 41/45 MP: 0/17
 10162 | D:9      | Found a snail-covered altar of Cheibriados.
 10297 | D:10     | Noticed a two-headed ogre
 10316 | D:10     | Killed a two-headed ogre
 10317 | D:10     | Reached skill level 6 in Fighting
 10328 | D:10     | Noticed a two-headed ogre
 10336 | D:10     | Killed a two-headed ogre
 10337 | D:10     | Reached skill level 9 in Dodging
 10417 | D:10     | Found a glowing golden altar of the Shining One.
 10425 | D:10     | Reached skill level 6 in Air Magic
 10627 | D:10     | Reached skill level 1 in Translocations
 10725 | D:10     | Found a staircase to the Lair.
 10877 | D:10     | Reached skill level 2 in Translocations
 11512 | D:11     | Noticed a two-headed ogre
 11535 | D:11     | Killed a two-headed ogre
 11536 | D:11     | Reached skill level 7 in Fighting
 11555 | D:11     | Noticed a gargoyle
 11564 | D:11     | Noticed a two-headed ogre
 11571 | D:11     | HP: 8/47 [gargoyle/stone arrow (20)]
 11836 | D:10     | Noticed a gargoyle
 11846 | D:10     | Killed a gargoyle
 11847 | D:10     | Reached skill level 3 in Translocations
 11905 | D:10     | Noticed a six-headed hydra
 11934 | D:10     | Killed a six-headed hydra
 12087 | D:10     | Noticed a two-headed ogre
 12088 | D:10     | Noticed a two-headed ogre
 12088 | D:10     | Noticed a tengu warrior
 12093 | D:10     | Noticed a deep troll earth mage
 12094 | D:10     | Noticed a storm dragon
 12100 | D:10     | Reached skill level 11 in Summonings
 12100 | D:10     | Reached XP level 11. HP: 50/50 MP: 12/18
 12154 | D:10     | Reached skill level 10 in Dodging
 12154 | D:10     | Reached skill level 4 in Translocations
 12496 | D:10     | Killed a two-headed ogre
 12677 | D:10     | Noticed a boulder beetle
 12716 | D:10     | Noticed an ettin
 12879 | D:10     | HP: 7/50 [boulder beetle (21)]
 12893 | D:10     | Killed a boulder beetle
 13011 | D:10     | Killed a two-headed ogre
 13012 | D:10     | Reached skill level 5 in Translocations
 13082 | D:10     | Noticed a yaktaur captain
 13170 | D:10     | Shot with a bolt by a yaktaur captain
 13171 | D:10     | Reached XP level 10. HP: -3/47 MP: 10/17
 13240 | D:10     | Killed an ettin
 13241 | D:10     | Reached skill level 7 in Air Magic
 13241 | D:10     | HP: 8/48 [tengu warrior (2)]
 13243 | D:10     | HP: 1/48 [gnoll sergeant/stone (7)]
 13245 | D:10     | Killed a tengu warrior
 13643 | Lair:1   | Entered Level 1 of the Lair of Beasts
 13665 | D:10     | Reached skill level 8 in Fighting
 14075 | Lair:1   | Reached skill level 11 in Dodging
 14331 | Lair:1   | Noticed Gastronok
 14357 | Lair:1   | Killed Gastronok
 14358 | Lair:1   | Reached XP level 11. HP: 51/52 MP: 9/18
 14546 | Lair:1   | Learned a level 5 spell: Summon Forest
 14866 | Lair:1   | Noticed an oklob plant
 14888 | Lair:1   | Killed an oklob plant
 14954 | Lair:1   | Noticed Nergalle
 14966 | Lair:1   | Noticed a spectral orc warlord
 14972 | Lair:1   | Killed Nergalle
 15169 | Lair:1   | Noticed Maggie
 15192 | Lair:1   | Killed Maggie
 15193 | Lair:1   | Reached skill level 6 in Translocations
 15409 | Lair:2   | Noticed Erica
 15439 | Lair:2   | Killed Erica
 15475 | Lair:2   | Reached skill level 8 in Air Magic
 15477 | Lair:2   | Reached skill level 12 in Summonings
 15483 | Lair:2   | Reached skill level 7 in Translocations
 15541 | Lair:4   | Noticed Snorg
 15573 | Lair:4   | Killed Snorg
 15574 | Lair:4   | Reached skill level 12 in Dodging
 15633 | Lair:3   | Noticed a six-headed hydra
 15662 | Lair:3   | Reached skill level 9 in Fighting
 15666 | Lair:3   | Killed a six-headed hydra
 15677 | Lair:3   | Reached skill level 8 in Translocations
 15888 | Lair:2   | Gained mutation: Your thick and shaggy fur keeps you warm.
                  | (AC +3, rC+) [Felid growth]
 15888 | Lair:2   | Reached XP level 12. HP: 57/57 MP: 19/19
 15961 | Lair:2   | Reached skill level 9 in Translocations
 16818 | Lair:2   | Bought Cahugo's Collected Works on the Floating Escort for
                  | 644 gold pieces
 17128 | D:5      | Bought a ring of wizardry for 360 gold pieces
 17362 | Lair:3   | HP: 8/57 [electric eel/bolt of electricity (11)]
 17628 | Lair:3   | Noticed a boulder beetle
 17641 | Lair:3   | Demolished by a boulder beetle

Illustrated notes

Levels and vault maps discovered:
D:1:      kilobyte_arrival_exit_the_forest, layout_basic,
          ebering_ecumenical_altar_rust
D:2:      layout_basic
D:3:      layout_basic, fountainhead, minmay_misc_feat_square
D:4:      layout_basic, amcnicky_altar_gilded, chequers_serial_rivers_micro_a,
          minmay_misc_feat_pillars
D:5:      layout_basic, gup_sewer_entry_bowl, serial_shops,
          nicolae_shop_temple_entry_statues_fountains,
          kennysheep_decorative_pillar
D:6:      layout_loops_ring, nicolae_overflow_hidden_temple, kennysheep_mini,
          grunt_decor_junction
D:7:      layout_rooms, minmay_temple_entry_ruins
D:8:      layout_loops_ring, mainiacjoe_overflow_brackets
D:9:      layout_basic, mainiacjoe_overflow_tiny_flanked, orc_david_3,
          uniq_psyche
D:10:     minmay_klotski, layout_irregular_city, tso_metal_star,
          lair_entry_dummy
D:11:     layout_basic
Temple:   nicolae_temple_x_marks_the_god
Lair:1:   layout_cave_pods, minmay_lair_oklob_items,
          chequers_serial_rivers_large_b, uniq_maggie, uniq_gastronok,
          uniq_nergalle
Lair:2:   layout_regular_city, serial_bayou_pond_c, uniq_erica
Lair:3:   layout_regular_city, minmay_snake_entry_six_corridors,
          serial_bayou_pond_b
Lair:4:   layout_gridlike, minmay_shoals_entry_hut, uniq_kirke, uniq_snorg

Skill      XL: |  1  2  3  4  5  6  7  8  9 10 11 12 |
---------------+-------------------------------------+-----
Spellcasting   | 3 4 |  4.0
Summonings     | 5 6 8 9 10 11 12 | 12.4
Hexes          | 3 5 |  5.0
Dodging        | 3 4 5 6 8 11 12 | 12.6
Fighting       | 2 3 4 5 8 9 |  9.5
Air Magic      | 1 2 4 5 7 8 |  8.6
Translocations | 3 8 9 |  9.9
Stealth        | |  2.6

Action                   |  1- 3 |  4- 6 |  7- 9 | 10-12 || total
-------------------------+-------+-------+-------+-------++-------
Melee: Unarmed           |    15 |    28 |     6 |    22 ||    71
       Bite              |     3 |     2 |     2 |     3 ||    10
       Punch             |     1 |       |       |       ||     1
 Cast: Summon Small Mamm |    36 |     8 |     1 |     9 ||    54
       Call Imp          |    21 |     5 |     1 |     1 ||    28
       Call Canine Famil |     6 |    27 |    45 |    33 ||   111
       Summon Guardian G |       |     4 |    36 |    65 ||   105
       Summon Lightning  |       |       |       |    47 ||    47
Invok: Call Merchant     |       |       |       |     1 ||     1
Evoke: Wand              |       |       |     3 |     4 ||     7
  Use: Potion            |       |     5 |     2 |     7 ||    14
       Scroll            |       |     1 |    13 |     5 ||    19
 Stab: Sleeping          |     1 |       |       |       ||     1
       Paralysed         |       |       |       |     2 ||     2
Armor: Skin              |     2 |    10 |     2 |       ||    14
Dodge: Dodged            |    15 |    54 |    25 |   101 ||   195
Block: Other             |       |       |       |    12 ||    12
       Reflection        |       |       |       |     2 ||     2

Table legend: (Time is in decaauts)
 A = Elapsed time spent in this place.
 B = Non-inter-level travel time spent in this place.
 C = Inter-level travel time spent in this place.
 D = Time resting spent in this place.
 E = Time spent auto-exploring this place.
 F = Levels seen in this place.
 G = Mean time per level.
                   A        B        C        D        E       F      G
               +--------+--------+--------+--------+--------+-----+--------+
         Total |  15851 |  14984 |    867 |   2258 |   9011 |  17 |  932.4 |
       Dungeon |  12473 |  11847 |    626 |   1780 |   7235 |  11 | 1133.9 |
        Temple |      7 |      5 |      2 |      0 |      0 |   1 |    7.0 |
          Lair |   3038 |   2800 |    238 |    377 |   1771 |   4 |  759.5 |
         Sewer |    331 |    331 |      0 |    101 |      4 |   1 |  331.0 |
               +--------+--------+--------+--------+--------+-----+--------+

Top non-repeatable levels by time:
    D:10: 2934 daAuts
     D:9: 1500 daAuts
     D:6: 1452 daAuts
     D:4: 1444 daAuts
  Lair:1: 1220 daAuts
  Lair:2: 1190 daAuts
     D:8: 1085 daAuts
     D:3: 1000 daAuts
     D:5: 883 daAuts
     D:1: 881 daAuts
     D:2: 668 daAuts
  Lair:3: 542 daAuts
     D:7: 500 daAuts
   Sewer: 331 daAuts
    D:11: 122 daAuts

Table legend:
 A = Kills in this place as a percentage of kills in entire the game.
 B = Kills by you in this place as a percentage of kills by you in the entire game.
 C = Kills by friends in this place as a percentage of kills by friends in the entire game.
 D = Other kills in this place as a percentage of other kills in the entire game.
 E = Experience gained in this place as a percentage of experience gained in the entire game.
 F = Experience gained in this place divided by the number of levels of this place that you have seen.
                   A       B       C       D       E      F
               +-------+-------+-------+-------+-------+----------------------
         Total | 100.0 | 100.0 | 100.0 | 100.0 | 100.0 | 2047.1
       Dungeon |  73.8 |  77.8 |  76.2 |  63.0 |  50.1 | 1586.1
          Lair |  22.9 |  11.1 |  20.0 |  37.0 |  49.5 | 4304.2
         Sewer |   3.3 |  11.1 |   3.8 |   0.0 |   0.4 | 137.0
               +-------+-------+-------+-------+-------+----------------------
